[Event "*** Titled Tuesday 3|2 Blitz"]
[Site "Chess.com"]
[Date "2016.02.02"]
[Round "8"]
[White "dretch"]
[Black "GMHess"]
[Result "1-0"]
[WhiteElo "2498"]
[BlackElo "2484"]
[TimeControl "180+2"]
[EndTime "18:34:41 PST"]
[Termination "dretch won by resignation"]

1. d4 g6 2. c4 Bg7 3. Nf3 c5 4. d5 f5 5. g3 d6 6. Bg2 Nd7 7. O-O Nb6 8. Qc2 Bd7 9. Nbd2 Ba4 10. Qd3 Nf6 11. b3 Ng4 12. Rb1 Bd7 13. Bb2 Bxb2 14. Rxb2 O-O 15. Re1 Qc7 16. e4 f4 17. h3 Nh6 18. e5 fxg3 19. fxg3 Rae8 20. e6 Bc8 21. Nh4 Nf5 22. Nxf5 Rxf5 23. Be4 Rf6 24. Nf3 Ref8 25.
Ng5 Qd8 26. h4 Na8 27. h5 Qa5 28. Rd1 gxh5 29. Nxh7 Kg7 30. Nxf6 Rxf6 31. Rh2 b5 32. Rxh5 bxc4 33. Qe3 1-0

[Event "*** Titled Tuesday 3|2 Blitz"]
[Site "Chess.com"]
[Date "2016.02.02"]
[Round "8"]
[White "DaPazz"]
[Black "TheMagician"]
[Result "0-1"]
[WhiteElo "2002"]
[BlackElo "2140"]
[TimeControl "180+2"]
[EndTime "18:34:44 PST"]
[Termination "TheMagician won by resignation"]

1. g3 d5 2. Bg2 c6 3. e4 dxe4 4. Bxe4 Nf6 5. Bg2 e5 6. Ne2 Bc5 7. O-O O-O 8. d3 Ng4 9. h3 Nf6 10. Be3 Bxe3 11. fxe3 Nd5 12. Qd2 Qb6 13. Bxd5 cxd5 14.
b3 Bxh3 15. Rf2 Nc6 16. Nbc3 Rad8 17. Rh2 Bg4 18. Rf1 Qa5 19. a4 Bxe2 20. Rxe2 d4 21. Ne4 Qxd2 22. Nxd2 dxe3 23. Rxe3 f5 24. Nf3 Rfe8 25.
Rfe1 Rd5 26. d4 Nxd4 27. Nxd4 Rxd4 28. Rxe5 Rxe5 29. Rxe5 Rd1+ 30. Kf2 Rc1 31. Rc5 b6 32. Rc7 a5 33. Kf3 h6 34. Kf4 Rf1+ 35. Ke5 Rf3 36. Ke6 Kh7 37. Rc6 Rxg3 38. Kxf5 h5 39. Kf4 Rg6 40.
Rc4 Rg4+ 41. Kf3 Rxc4 42. bxc4 g5 43. Ke4 h4 0-1

[Event "*** Titled Tuesday 3|2 Blitz"]
[Site "Chess.com"]
[Date "2016.02.02"]
[Round "8"]
[White "Konavets"]
[Black "AndreyOstrovskiy"]
[Result "0-1"]
[WhiteElo "2494"]
[BlackElo "2464"]
[TimeControl "180+2"]
[EndTime "18:34:51 PST"]
[Termination "AndreyOstrovskiy won by resignation"]

1. Nf3 Nf6 2. d4 e6 3. Bf4 b6 4. c3 Bb7 5. Nbd2 c5 6. e3 Be7 7. Bd3 O-O 8. O-O cxd4 9. exd4 h6 10. Re1 d6 11. a4 Nbd7 12. h3 Rc8 13. Bh2 Re8 14. Nc4 Qc7 15. a5 b5 16. Ne3 a6 17. Nh4 Bf8 18. Ng4 Nxg4 19. Qxg4 Nf6 20. Qg3 Qb8 21. Re3 Bd5 22. Rae1 b4 23. Bxa6 Rc7 24.
Bd3 bxc3 25. bxc3 Qa8 26. a6 Rec8 27. Kh1 Kh8 28. Bg1 Rxc3 29. Nf3 Bc4 30. Bxc4 R3xc4 31. Ra3 Rc1 32. Rxc1 Rxc1 33. Kh2 Rc6 34. a7 Rc7 35. Ne5 dxe5 36. dxe5 Nd5 37. f4 Bxa3 38. Qxa3 Nxf4 39. Qg3 Nd5 40. Qa3 Rc8 41. Qa6 Nf4 42. Qf1 g5 43. Bf2 Qe4 44. Bg3 Ra8 45. Qf2 Rxa7 46. Bxf4 Qxf4+ 47. Qxf4 gxf4 48. h4 Ra3 49. g3 fxg3+ 50. Kh3 h5 51. Kg2 Kh7 52. Kh3 Kg6 53. Kg2 Kf5 54.
Kh3 Kxe5 55. Kg2 Kf5 56. Kh3 Kf4 57. Kg2 Kg4 58. Kg1 0-1

[Event "*** Titled Tuesday 3|2 Blitz"]
[Site "Chess.com"]
[Date "2016.02.02"]
[Round "8"]
[White "pKiLz5Rn9b"]
[Black "Hikaru"]
[Result "0-1"]
[WhiteElo "2376"]
[BlackElo "2829"]
[TimeControl "180+2"]
[EndTime "18:34:56 PST"]
[Termination "Hikaru won by resignation"]

1. e4 b6 2. d4 Bb7 3. Bd3 e6 4. Qe2 d5 5. Nf3 Nf6 6. e5 Nfd7 7. c3 c5 8. a3 Be7 9. b4 a5 10. b5 a4 11. O-O c4 12. Bc2 Ra5 13. Ra2 Rxb5 14.
Nbd2 Ra5 15. Ne1 h5 16. f4 g6 17. g3 Nc6 18. Ng2 b5 19. Ne3 Nb6 20. h3 Bc8 21.
g4 hxg4 22. hxg4 Kd7 23. Nf3 Qg8 24. Kg2 Kc7 25. Bb2 Bd7 26. Raa1 Ra8 27. Rh1 Qg7 28.
g5 Rxh1 29. Rxh1 Qf8 30. Ra1 Na5 31. Ng4 Nb3 32. Ra2 Qg7 33. Nh4 Rh8 34. Kg3 Bc6 35. Qf2 Qh7 36. Nh6 Bf8 37. Nf3 Bxh6 38. gxh6 Qxh6 39.
Ng5 Qh4+ 40. Kf3 Qxf2+ 41. Kxf2 Rh2+ 0-1

[Event "*** Titled Tuesday 3|2 Blitz"]
[Site "Chess.com"]
[Date "2016.02.02"]
[Round "8"]
[White "ruifeng"]
[Black "GM_Huschenbeth"]
[Result "0-1"]
[WhiteElo "2317"]
[BlackElo "2348"]
[TimeControl "180+2"]
[EndTime "18:35:48 PST"]
[Termination "GM_Huschenbeth won by resignation"]

1. e4 e6 2. d4 d5 3. Nd2 Be7 4. Ngf3 Nf6 5. Bd3 c5 6. c3 cxd4 7. cxd4 dxe4 8. Nxe4 Bd7 9. O-O Bc6 10. Nc3 Nbd7 11.
Bg5 O-O 12. Bc2 Nd5 13. Qd3 g6 14. Bxe7 Qxe7 15. a3 Rac8 16. Rfe1 Rfd8 17. Bb3 Nf4 18. Qe3 Qf6 19. Ne4 Qf5 20. Ng3 Qg4 21. Rac1 Bxf3 22.
gxf3 Qh4 23. Rxc8 Rxc8 24. d5 e5 25. Ne2 Qg5+ 26. Ng3 h5 27. d6 h4 28. Ba4 Rd8 29. Kh1 hxg3 30. fxg3 Ne6 31. Qxa7 Qd2 32. Qe3 Qxd6 33.
Rd1 Qe7 34. Qe4 Ndc5 35. Qxe5 Nxa4 36. Rxd8+ Qxd8 0-1

[Event "*** Titled Tuesday 3|2 Blitz"]
[Site "Chess.com"]
[Date "2016.02.02"]
[Round "8"]
[White "Gabrielian_Artur"]
[Black "DanielRensch"]
[Result "1-0"]
[WhiteElo "2467"]
[BlackElo "2341"]
[TimeControl "180+2"]
[EndTime "18:36:29 PST"]
[Termination "Gabrielian_Artur won by resignation"]

1. Nf3 Nf6 2. g3 b6 3. Bg2 Bb7 4. O-O e6 5. d3 d5 6. e4 dxe4 7.
Nfd2 Be7 8. Nc3 O-O 9. dxe4 e5 10. Nc4 Nc6 11. Nd5 h6 12. Nce3 Bc5 13. Nf5 Nxd5 14. exd5 Nd4 15. Ne3 f5 16. c3 Nb5 17. a4 Nd6 18. b4 Bxe3 19. Bxe3 f4 20. Bc1 Qf6 21.
Ra2 Rad8 22. Qb3 f3 23. Bh3 Bc8 24. Bxc8 Rxc8 25. c4 Qf5 26. Kh1 Qh3 27. Rg1 Rf5 28. g4 Rf7 29. Qd3 e4 30. Qd4 Re8 31. Be3 h5 32. gxh5 Nf5 33. Qc3 Qxh5 34. Rg5 Qh3 35. Ra1 Kf8 36. Rag1 Rf6 37. Rxg7 Qh6 38. Bxh6 Rxh6 39.
Rg8+ Ke7 40. Qe5+ 1-0

[Event "*** Titled Tuesday 3|2 Blitz"]
[Site "Chess.com"]
[Date "2016.02.02"]
[Round "8"]
[White "LADIESGET2KNOWME"]
[Black "Quiet_Desperation"]
[Result "0-1"]
[WhiteElo "2304"]
[BlackElo "2124"]
[TimeControl "180+2"]
[EndTime "18:36:42 PST"]
[Termination "Quiet_Desperation won on time"]

1. d4 Nf6 2. c4 e6 3. Nf3 Bb4+ 4.
Bd2 Qe7 5. Nc3 Nc6 6. g3 O-O 7. Bg2 Bxc3 8. Bxc3 Ne4 9. Rc1 Nxc3 10. Rxc3 d6 11.
d5 Nb8 12. dxe6 fxe6 13. O-O e5 14. c5 Nc6 15. cxd6 cxd6 16. h3 Be6 17. Qd2 Rad8 18.
Ng5 Nd4 19. Nxe6 Qxe6 20. e3 Nf3+ 21. Bxf3 Rxf3 22. Rc7 Rdf8 23. Rxb7 d5 24. Qa5 e4 25. Qxa7 Qe5 26. Kg2 Qf6 27. Kg1 Rxg3+ 28. Kh2 Rf3 29. Kg1 Rxh3 30. f4 exf3 31. Kf2 Rh2+ 32. Ke1 Re2+ 33.
Kd1 Rxb2 0-1

[Event "*** Titled Tuesday 3|2 Blitz"]
[Site "Chess.com"]
[Date "2016.02.02"]
[Round "8"]
[White "chessking2151"]
[Black "Po6Don"]
[Result "0-1"]
[WhiteElo "2237"]
[BlackElo "2134"]
[TimeControl "180+2"]
[EndTime "18:36:46 PST"]
[Termination "Po6Don won by resignation"]

1. e4 Nc6 2. d4 d5 3. exd5 Qxd5 4.
Nf3 Bg4 5. Be2 O-O-O 6. c4 Qa5+ 7. Bd2 Qa6 8. Bc3 Bxf3 9. gxf3 Nxd4 10. Bxd4 e5 11. Qc2 exd4 12. Nd2 Qe6 13. Qe4 Bb4 14. Qxe6+ fxe6 15. Bd3 Ne7 16. O-O-O Bxd2+ 17. Kxd2 e5 18. Rde1 Nc6 19. Rhg1 g6 20. Be4 Rhf8 21. Rg3 Rd6 22. b3 Nd8 23. c5 Ra6 24. a4 Ne6 25.
Bd3 Rc6 26. b4 Nf4 27. Rxe5 Re6 28. Rxe6 Nxe6 29. Be4 a5 30. c6 b6 31. bxa5 bxa5 32. Kd3 Rd8 33. Kc4 d3 34. Bxd3 Rd4+ 35. Kc3 Rxa4 36.
Rh3 Ra3+ 37. Kc2 Rxd3 38. Rxh7 Rd6 0-1

[Event "*** Titled Tuesday 3|2 Blitz"]
[Site "Chess.com"]
[Date "2016.02.02"]
[Round "8"]
[White "kharposh"]
[Black "brauliocuarta"]
[Result "1-0"]
[WhiteElo "2059"]
[BlackElo "1971"]
[TimeControl "180+2"]
[EndTime "18:36:46 PST"]
[Termination "kharposh won by resignation"]

1. e4 c5 2. Nf3 e6 3. d4 cxd4 4. Nxd4 a6 5. Bc4 Nf6 6. Nc3 Qc7 7. Bb3 Nc6 8. f4 Bc5 9. Be3 Bxd4 10. Bxd4 Nxd4 11. Qxd4 Qxf4 12. g3 Qg4 13. O-O O-O 14. Rf4 Qg5 15. e5 Nh5 16. Rg4 Qh6 17. Ne4 b5 18. Nf6+ Nxf6 19. exf6 g6 20. Rh4 Qg5 21. Rg4 Qh6 22. Re1 Bb7 23. Rh4 Qg5 24. Qxd7 Rab8 25. Rxe6 Qc5+ 26. Kf1 Rbd8 27. Qxb7 Rd1+ 28. Re1 Qf5+ 29. Rf4 Qh3+ 30. Ke2 Qxh2+ 31. Kxd1 Rd8+ 32. Bd5 Qh5+ 33. Kc1 Qxd5 34. Qxd5 Rf8 35. Qg5 h5 36. Qh6 1-0

[Event "*** Titled Tuesday 3|2 Blitz"]
[Site "Chess.com"]
[Date "2016.02.02"]
[Round "8"]
[White "Thomaslegend"]
[Black "davidarenas1224"]
[Result "1-0"]
[WhiteElo "2103"]
[BlackElo "2077"]
[TimeControl "180+2"]
[EndTime "18:37:00 PST"]
[Termination "Thomaslegend won by resignation"]

1. Nf3 g6 2. g3 Bg7 3. Bg2 Nf6 4. O-O O-O 5. c4 d6 6. Nc3 e5 7. d4 Nbd7 8. dxe5 dxe5 9. b3 c6 10. Ng5 Qe7 11. a4 Rd8 12. Qc2 h6 13. Nge4 Nxe4 14.
Nxe4 f5 15. Ba3 Qe6 16. Nd6 Nf6 17. Rfd1 Bf8 18. Nxc8 Raxc8 19. Bb2 a5 20. Qc3 Nd7 21. Qxa5 Bd6 22. Qc3 Bc5 23. b4 Bf8 24. c5 Bg7 25.
Rd6 Qf7 26. Rad1 Bf6 27. e4 Kg7 28. Bf1 Rc7 29. Bc4 Qe7 30. Be6 f4 31. Qd2 fxg3 32. hxg3 Bg5 33. Qd3 Bf6 34. Bxd7 Rf8 35. Bh3 Kh7 36. Rd7 Rxd7 37. Qxd7 Rf7 38. Be6 Rg7 39. Qxe7 Rxe7 40. Rd7 Kg7 41. Rxe7+ Bxe7 42. Bc8 Kh8 43. Bxb7 1-0

[Event "*** Titled Tuesday 3|2 Blitz"]
[Site "Chess.com"]
[Date "2016.02.02"]
[Round "8"]
[White "Dr-Bassem"]
[Black "gmcorrales"]
[Result "1/2-1/2"]
[WhiteElo "2491"]
[BlackElo "2491"]
[TimeControl "180+2"]
[EndTime "18:37:01 PST"]
[Termination "Game drawn by stalemate"]

1. e4 c5 2. Nf3 d6 3. g3 Nf6 4. d3 g6 5. Bg2 Bg7 6. O-O O-O 7. c3 Nc6 8. Re1 e5 9. a3 d5 10. Nbd2 Re8 11. b4 cxb4 12. axb4 dxe4 13. dxe4 Qc7 14. Qe2 Be6 15. Ng5 Bg4 16. Bf3 Bxf3 17. Ngxf3 a6 18.
Nc4 b5 19. Nb2 Nd7 20. Be3 Nb6 21. Red1 Bf8 22. h4 h5 23. Ng5 f6 24. Nf3 Kg7 25.
Nd2 Red8 26. Nb3 Rxd1+ 27. Qxd1 Rd8 28. Qc1 Nb8 29. Bh6+ Kh7 30. Bxf8 Rxf8 31. Nc5 Qc8 32. Qe3 Rd8 33. Nxa6 Nxa6 34. Qxb6 Rd2 35. Rxa6 Qxc3 36.
Ra7+ Kh6 37. Qxf6 Rd1+ 38. Kg2 Rg1+ 39. Kxg1 Qe1+ 40. Kg2 Qh1+ 41. Kxh1 1/2-1/2

[Event "*** Titled Tuesday 3|2 Blitz"]
[Site "Chess.com"]
[Date "2016.02.02"]
[Round "8"]
[White "ethylalcohol"]
[Black "chesstatour"]
[Result "0-1"]
[WhiteElo "1713"]
[BlackElo "1952"]
[TimeControl "180+2"]
[EndTime "18:37:09 PST"]
[Termination "chesstatour won on time"]

1. e4 c6 2. d4 d5 3. exd5 cxd5 4. Bd3 Nc6 5. Nf3 g6 6. c3 Bg7 7. Bf4 Nh6 8. Nbd2 O-O 9. O-O f6 10. Re1 Nf7 11. Bg3 e5 12. dxe5 fxe5 13. Bb5 e4 14.
Bxc6 bxc6 15. Nd4 Bd7 16. N2b3 Qb6 17. f3 a5 18. Bf2 a4 19. Ne6 Qb8 20. Nbc5 Bxe6 21.
Nxe6 Qxb2 22. Nxg7 Kxg7 23. Bd4+ Kg8 24. fxe4 dxe4 25.
Rxe4 Rad8 26. Rb1 Qxa2 27. Ra1 Qd5 28. Re7 c5 29. Rxa4 cxd4 30. Rxd4 Qc5 31. Re3 Rxd4 32. cxd4 Qd5 33. h3 Nd6 34. Re7 Nf5 35. Ra7 Qxd4+ 36.
Qxd4 Nxd4 37. Rd7 Ne2+ 38. Kh2 Rf7 39. Rd8+ Kg7 40. h4 h5 0-1

[Event "*** Titled Tuesday 3|2 Blitz"]
[Site "Chess.com"]
[Date "2016.02.02"]
[Round "8"]
[White "yurisolo"]
[Black "Noukii"]
[Result "1-0"]
[WhiteElo "2509"]
[BlackElo "2705"]
[TimeControl "180+2"]
[EndTime "18:37:36 PST"]
[Termination "yurisolo won by resignation"]

1. e4 e5 2. Nf3 Nc6 3. Bb5 Nf6 4.
O-O Nxe4 5. d4 Nd6 6. Bxc6 dxc6 7. dxe5 Nf5 8. Qxd8+ Kxd8 9. Nc3 Ke8 10. h3 Be6 11. g4 Ne7 12. Nd4 Bd7 13. Re1 Nd5 14. e6 fxe6 15. Nxe6 Bxe6 16. Rxe6+ Kf7 17. Nxd5 cxd5 18. Re5 c6 19. Rf5+ Kg8 20. Bd2 Re8 21. Re1 Rxe1+ 22.
Bxe1 g6 23. Rf3 h6 24. Rf6 g5 25. Bc3 Rh7 26. Re6 Re7 27. Rxe7 Bxe7 28. Kg2 Kf7 29. f4 gxf4 30. Kf3 Bg5 31. Be5 Ke6 32. Bxf4 b5 33. b4 Be7 34. Bxh6 Bxb4 35. h4 Bc3 36. h5 a5 37. Bf8 Be5 38. g5 Kf5 39. g6 Kf6 40.
Kg4 Bd4 41. g7 Kf7 42. h6 c5 43. Kf5 b4 44. h7 Bxg7 45. Bxc5 Bc3 46. Bd6 Bg7 47. Be5 d4 48. h8=Q Bxh8 49. Bxh8 1-0

[Event "*** Titled Tuesday 3|2 Blitz"]
[Site "Chess.com"]
[Date "2016.02.02"]
[Round "8"]
[White "SenseiJulio"]
[Black "attack2mateU"]
[Result "1-0"]
[WhiteElo "2562"]
[BlackElo "2486"]
[TimeControl "180+2"]
[EndTime "18:37:48 PST"]
[Termination "SenseiJulio won by resignation"]

1. d4 Nf6 2. c4 e6 3. Nc3 Bb4 4. g3 O-O 5. Bg2 d5 6. Nf3 dxc4 7. O-O Nc6 8. a3 Ba5 9. Bg5 h6 10. Bh4 Bb6 11. e3 Ne7 12. Bxf6 gxf6 13. Nd2 c5 14. dxc5 Bxc5 15. Nce4 Bb6 16. Nxf6+ Kg7 17. Qg4+ Ng6 18. Nh5+ Kh7 19. Nxc4 e5 20. Qf3 f5 21. Rfd1 Qe7 22. Nxb6 axb6 23. Qd5 Be6 24. Qd6 Rac8 25.
Qxe7+ Nxe7 26. Rd6 Bc4 27. Rd7 Rf7 28. Rc1 Kg6 29. Rd6+ Kh7 30. Rxb6 Ba6 31. Rd1 e4 32. Bf1 Bxf1 33. Kxf1 Ng6 34. Rdd6 Ne5 35. Rxh6+ Kg8 36. Nf6+ Kg7 37. Nh5+ Kg8 38. Kg2 Rc1 39. Nf6+ Kg7 40. Nh5+ Kg8 41. Nf6+ Kg7 42. Ne8+ Kg8 43. Nd6 Rg7 44.
Nxf5 Rf7 45. Nd4 Nd3 46. Rhg6+ Kh7 47. Rgf6 Rg7 48. Nf5 Ne1+ 49. Kh3 Rg5 50. Rxb7+ Kg8 51. Nh6+ 1-0

[Event "*** Titled Tuesday 3|2 Blitz"]
[Site "Chess.com"]
[Date "2016.02.02"]
[Round "8"]
[White "Zazuliak"]
[Black "ItalianMachine"]
[Result "1-0"]
[WhiteElo "2328"]
[BlackElo "2230"]
[TimeControl "180+2"]
[EndTime "18:38:01 PST"]
[Termination "Zazuliak won on time"]

1. d4 Nf6 2. c4 g6 3. Nc3 Bg7 4. e4 d6 5. Nf3 O-O 6. Be2 e5 7. O-O Nc6 8. Be3 Ng4 9. Bg5 f6 10. Bh4 Qe8 11. dxe5 fxe5 12. h3 Nf6 13. Rc1 Nh5 14. Nd5 Qd7 15. c5 Nf4 16. cxd6 cxd6 17.
Bc4 Kh8 18. Bg3 Ne6 19. Rc3 Ncd4 20. Nxd4 Nxd4 21. Bb3 Qd8 22. Qd2 Bd7 23. Rfc1 Bc6 24.
f3 a5 25. a3 h5 26. Bf2 Kh7 27. Be3 Qh4 28. Qf2 Qxf2+ 29. Kxf2 Bh6 30. Bxh6 Kxh6 31. Ba2 g5 32. Ne3 Bxe4 33. Rc7 Bxf3 34. Kg1 Ne2+ 35.
Kh2 Nxc1 36. Rxc1 Be4 37. Rc7 Rac8 38. Rd7 Rfd8 39. Re7 Kg6 40. Bd5 Bxd5 41. Nxd5 Rc2 42. Rxb7 Rf8 43. Ne7+ Kh6 44. Kg3 Rff2 45. Ng8+ Kg6 46.
Ne7+ Kf6 47. Nd5+ 1-0

[Event "*** Titled Tuesday 3|2 Blitz"]
[Site "Chess.com"]
[Date "2016.02.02"]
[Round "8"]
[White "Dlugy"]
[Black "Zkid"]
[Result "1/2-1/2"]
[WhiteElo "2569"]
[BlackElo "2506"]
[TimeControl "180+2"]
[EndTime "18:38:34 PST"]
[Termination "Game drawn - insufficient material"]

1. d4 Nf6 2. Bf4 g6 3. Nc3 d5 4. Qd2 c6 5. f3 Nbd7 6. e4 dxe4 7. fxe4 Nh5 8. Be3 Ndf6 9. Be2 Ng4 10. Bxg4 Bxg4 11. Nf3 Bxf3 12. gxf3 Bg7 13. e5 f6 14.
f4 c5 15. exf6 Nxf6 16. dxc5 Qxd2+ 17. Bxd2 Rc8 18. O-O-O Rxc5 19. Be3 Ra5 20. Bd4 O-O 21. Rhe1 Kf7 22. Re5 Rxe5 23. Bxe5 Rc8 24. a4 a6 25. a5 Ke8 26. Rd4 Bh6 27. Bxf6 exf6 28. Rb4 Rc5 29. Ne2 Rb5 30. Rxb5 axb5 31. Kd2 Kd7 32.
Ke3 f5 33. b4 Bf8 34. c3 Kd6 35. Nd4 Kd5 36. Nxb5 Kc4 37. Nc7 Kxc3 38. b5 Bc5+ 39. Kf3 Kb4 40. a6 bxa6 41. bxa6 Ka5 42. Ne6 Bg1 43.
Kg2 Bb6 44. Nf8 Kxa6 45. Nxh7 Bc5 46. Nf6 Kb5 47. Kf3 Kc6 48. Nh7 Be7 49. Ng5 Bxg5 50. fxg5 Kd5 51. Kf4 Kd6 52. Ke3 Ke5 53. Kf3 Kd5 54.
Ke3 Kd6 55. Kf4 Kd5 56. Ke3 Ke5 57. Kf3 f4 58. h3 Kf5 59. h4 Ke5 60. Kg4 Ke4 61. h5 gxh5+ 62. Kxh5 f3 63. g6 f2 64. g7 f1=Q 65. g8=Q Qh3+ 66. Kg6 Qg3+ 67. Kf7 Qxg8+ 68.
Kxg8 1/2-1/2

[Event "*** Titled Tuesday 3|2 Blitz"]
[Site "Chess.com"]
[Date "2016.02.02"]
[Round "8"]
[White "Anton_Demchenko"]
[Black "DeviatkinAndrey"]
[Result "1/2-1/2"]
[WhiteElo "2609"]
[BlackElo "2460"]
[TimeControl "180+2"]
[EndTime "18:38:51 PST"]
[Termination "Game drawn by repetition"]

1. e4 c6 2. d4 d5 3. Nc3 dxe4 4. Nxe4 Nd7 5. Nf3 Ngf6 6. Ng3 e6 7. Bd3 c5 8. O-O cxd4 9. Nxd4 Bc5 10. c3 O-O 11. Nh5 Nxh5 12. Qxh5 g6 13. Qe2 e5 14. Nb3 Qe7 15. Bh6 Re8 16. Rad1 a6 17. Nxc5 Nxc5 18. Bc2 f6 19. b4 Ne6 20. Bb3 Kh8 21. Qf3 Ng7 22. Be3 Be6 23. Bc5 Qf7 24. Rd6 Rad8 25. Rb6 Bxb3 26. Rxf6 Bd5 27. Rxf7 Bxf3 28. gxf3 Ne6 29.
Be3 b5 30. Ra7 Ra8 31. Rxa8 Rxa8 32. Rd1 Kg7 33. Rd7+ Kf6 34. Rxh7 a5 35. Rb7 axb4 36. cxb4 Rxa2 37. Rxb5 Kf5 38. Kg2 Rb2 39. Rb8 Nd4 40. h4 Nc2 41. Bc5 Ne1+ 42. Kf1 Nd3 43. Be3 Rxb4 44.
Rf8+ Ke6 45. Bg5 Nf4 46. Rf6+ Kd5 47. Bxf4 Rxf4 48. Rxf4 exf4 49. Ke2 Kc4 50. Kd2 Kd4 51. Kc2 Kc4 52. Kd2 Kd4 53. Ke2 Kc3 54. Kd1 Kd3 55. Ke1 Kc3 56. Ke2 Kc2 57. Ke1 Kc1 58. Ke2 Kc2 59. Ke1 Kc1 60. Ke2 Kc2 61. Ke1 Kd3 62.
Kd1 Kc3 63. Ke2 Kc2 64. Ke1 Kc1 65. Ke2 Kc2 1/2-1/2

[Event "*** Titled Tuesday 3|2 Blitz"]
[Site "Chess.com"]
[Date "2016.02.02"]
[Round "8"]
[White "pedromartinez91"]
[Black "Assasin14"]
[Result "1-0"]
[WhiteElo "1992"]
[BlackElo "2000"]
[TimeControl "180+2"]
[EndTime "18:39:14 PST"]
[Termination "pedromartinez91 won by resignation"]

1. e4 c5 2. Nf3 d6 3. d4 cxd4 4. Nxd4 Nf6 5. Nc3 a6 6. f3 e5 7. Nb3 Be6 8. Be3 d5 9. exd5 Nxd5 10. Nxd5 Qxd5 11. Bd3 Nc6 12. Qe2 Bb4+ 13. c3 Be7 14. Be4 Qd7 15. Rd1 Qc7 16. O-O O-O 17. Nc5 Bxc5 18.
Bxc5 Rfd8 19. Qf2 Rxd1 20. Rxd1 Bxa2 21. Bd6 Qd7 22. Bc2 Qe6 23. Qc5 Bb3 24. Bxb3 Qxb3 25. Rd2 Rd8 26. h3 Qe6 27. b4 h6 28. Rd5 e4 29. fxe4 Qxe4 30. c4 Qe1+ 31. Kh2 Qe4 32. b5 axb5 33. cxb5 Ne7 34. Rd4 Qe3 35. Qb6 Re8 36.
Bf4 Qc3 37. Rd7 Ng6 38. Bg3 Re3 39. Qd8+ Kh7 40. Qc7 Qxc7 41. Rxc7 Re7 42. Rc5 b6 43. Rc6 Rb7 44. Bf2 Ne7 45. Rxb6 Rxb6 46. Bxb6 Nc8 47. Bd4 Nd6 48. b6 Nb7 49. Kg3 Kg6 50. Kf4 f6 51.
Ke4 Kf7 52. Kd5 Ke7 53. Kc6 Nd8+ 54. Kb5 Kd7 55. Ka6 Kc6 56. Bb2 h5 57. Ba3 f5 58.
Be7 Nb7 59. Bg5 g6 60. h4 Nc5+ 61. Ka7 Nb7 62. Bf4 Nd8 63. Bc7 Nb7 64. Kb8 Nc5 65. Kc8 Nb7 66. g3 Na5 67. Kd8 Nb7+ 68. Ke7 Kd5 69.
Kf6 Nc5 70. Kxg6 Kc6 71. Kxh5 Ne6 72. Kg6 Nxc7 73. bxc7 Kxc7 74. Kxf5 Kd7 75. Kf6 1-0

[Event "*** Titled Tuesday 3|2 Blitz"]
[Site "Chess.com"]
[Date "2016.02.02"]
[Round "8"]
[White "vellottiwizard"]
[Black "GianmarcoVaR"]
[Result "1-0"]
[WhiteElo "2417"]
[BlackElo "2261"]
[TimeControl "180+2"]
[EndTime "18:39:28 PST"]
[Termination "vellottiwizard won by resignation"]

1. e4 c6 2. d4 d5 3. Nc3 dxe4 4. Nxe4 Bf5 5. Ng3 Bg6 6. h4 h6 7. Nf3 Nd7 8. h5 Bh7 9. Bd3 Bxd3 10. Qxd3 e6 11.
Bf4 Qa5+ 12. Bd2 Bb4 13. c3 Be7 14. c4 Qc7 15. O-O-O Ngf6 16. Qe2 b5 17. c5 O-O 18. Ne1 e5 19. Nf5 Rfe8 20. Bxh6 Bf8 21. Bg5 exd4 22.
Qf3 Qe5 23. Qh3 Ne4 24. Bh4 Ndxc5 25. Nf3 Qf4+ 26. Kb1 d3 27. Rhe1 d2 28. Re3 Rad8 29. Bxd8 Rxd8 30. g3 Nxf2 31. gxf4 Nxh3 32. Rxd2 Rxd2 33.
Nxd2 Nxf4 34. Re8 Nce6 35. Ne7+ Kh7 36. Nxc6 Kh6 37. Nxa7 b4 38. Nc6 Kxh5 39. Rb8 g5 40.
Nxb4 g4 41. Ne4 f5 42. Ng3+ Kg5 43. a4 Bd6 44. Rb5 Nd4 45. Ne4+ Kh4 46. Nxd6 Nxb5 47. axb5 Kg5 48. b6 g3 49. b7 g2 50. b8=Q g1=Q+ 51. Ka2 Qd4 52. Qg8+ Ng6 53. Qd8+ Kg4 54. Kb3 Qd1+ 55.
Kc3 Ne5 56. Qg8+ Kf3 57. Qd5+ Qxd5 58. Nxd5 f4 59. b4 Nd7 60. Kd4 Kg3 61. Ne4+ Kg4 62. Nef6+ Nxf6 63. Nxf6+ Kf5 64. Ne4 Ke6 65. Nf2 Kd6 66. Kc4 Kc6 67. b5+ Kb6 68. Kb4 f3 69. Kc4 Kc7 70. Kc5 Kb7 71. b6 Kb8 72. Kc6 Kc8 73.
b7+ Kb8 74. Ne4 Ka7 75. Kc7 1-0

[Event "*** Titled Tuesday 3|2 Blitz"]
[Site "Chess.com"]
[Date "2016.02.02"]
[Round "8"]
[White "Jahonas"]
[Black "tac49"]
[Result "0-1"]
[WhiteElo "2190"]
[BlackElo "2459"]
[TimeControl "180+2"]
[EndTime "18:39:54 PST"]
[Termination "tac49 won by resignation"]

1. e4 e5 2. Nf3 Nc6 3. Bb5 a6 4. Ba4 Nf6 5. O-O Be7 6. d3 d6 7.
c3 Bg4 8. h3 Bh5 9. Be3 Nd7 10.
Nbd2 h6 11. Re1 Bg5 12. Nf1 Bxe3 13. Rxe3 Nc5 14. Bc2 Ne6 15. Ng3 Bg6 16. d4 Nf4 17.
Qd2 O-O 18. Rae1 f6 19. b4 Ne7 20. Nh4 Bh7 21. Nhf5 Kh8 22. Nxe7 Qxe7 23. Nf5 Qf7 24. Bb3 Qh5 25. Bc2 Rae8 26. Rg3 g5 27. Rge3 Bxf5 28.
exf5 Kg7 29. dxe5 Rxe5 30. Rxe5 fxe5 31. Re3 Rf6 32. a4 Qf7 33. Rg3 Qd5 34. Qe3 Qa2 35. Be4 Ne2+ 36. Kh2 Nxg3 37. fxg3 c6 38. a5 Qf7 39. g4 d5 40. Bf3 Qe7 41. g3 Rd6 42. Bg2 Qf6 43. Qf2 e4 44. Qc5 Rd7 45. Kg1 Re7 46.
Kf2 e3+ 47. Ke2 Qe5 48. Bf3 Kf6 49. Qd4 Qxd4 50. cxd4 Re8 51. Kd3 b6 52. axb6 Rb8 53.
Kc3 Rxb6 54. Be2 Ke7 55. Bd3 Kd6 56. Be2 Ke7 57. Bd3 Kf6 58. Be2 h5 59. gxh5 Kxf5 60. Bd3+ Kf6 61. Be2 Rb8 62. Bxa6 Ra8 63. Be2 Ra3+ 64. Kc2 Ra2+ 65. Kd3 Rb2 66. Kxe3 Rxb4 67.
Bd3 Rb2 68. h6 Rh2 69. Kf3 Rxh3 70. h7 Rh1 71. Kg4 Kg7 72. Kxg5 Rd1 73. Bf5 Rxd4 74. g4 c5 75. Be6 c4 76. Kf5 c3 77. Ke5 Rd2 78.
Bf5 c2 0-1

[Event "*** Titled Tuesday 3|2 Blitz"]
[Site "Chess.com"]
[Date "2016.02.02"]
[Round "8"]
[White "Silent_Terror"]
[Black "JusticeBot"]
[Result "0-1"]
[WhiteElo "2464"]
[BlackElo "2440"]
[TimeControl "180+2"]
[EndTime "18:41:33 PST"]
[Termination "JusticeBot won by resignation"]

1. e4 e5 2. Nf3 Nc6 3. Be2 Nf6 4. d3 Bc5 5. O-O d6 6. c3 a6 7. h3 Ba7 8. Be3 Bxe3 9. fxe3 d5 10. exd5 Nxd5 11.
Qd2 O-O 12. c4 Nf6 13. Nc3 e4 14. dxe4 Qe8 15. Bd3 Qe6 16. Nd5 Ne8 17. Nd4 Qe5 18. Qc3 Nd8 19. Qc2 Nc6 20. Qc3 Nd8 21. Rf2 Rb8 22.
Raf1 b6 23. Qc2 c6 24. Nf3 Qe6 25. Nf4 Qe7 26. Nd4 g6 27. Nb3 Ng7 28. c5 b5 29.
Nd4 Bd7 30. b4 Ra8 31. Nb3 Re8 32. Na5 Nge6 33. Ne2 Ng5 34. Ng3 h5 35. Rf4 Nde6 36.
Rf6 h4 37. Ne2 Ng7 38. Nc3 Nh5 39. R6f2 Qe5 40. Rf4 Nxf4 41. exf4 Qd4+ 42. Kh2 Nh7 43. e5 Rad8 44. Nb7 Rb8 45. Nd6 Re7 46. a3 Be6 47.
Be4 Rc7 48. Rf3 Bc4 49. Rf2 Kh8 50. Qd2 Qxd2 51. Rxd2 Nf8 52. Ne2 Bxe2 53. Rxe2 Ne6 54. Rf2 Nd4 55. Rd2 Ne6 56. g4 Nxf4 57. Rf2 g5 58. Rf3 Kg8 59. Kg1 Re7 60. Bxc6 Rxe5 61. Be4 Rd8 62. Bf5 Re1+ 63. Kf2 Re2+ 64. Kf1 Ra2 65.
Rc3 Ra1+ 66. Kf2 Ra2+ 67. Kf3 Nd5 68. Rc1 Rxa3+ 69. Ke4 Nxb4 70. c6 Nxc6 71. Rxc6 Rxh3 72. Rxa6 b4 73. Rb6 b3 74. Nc4 Rc3 75. Ne5 h3 76. Nc6 Re8+ 77. Kd4 h2 78. Kxc3 h1=Q 79. Kxb3 Re3+ 80.
Kc4 Qc1+ 81. Kd5 Qd2+ 82. Kc5 Rc3+ 83. Kb5 Rb3+ 84. Ka6 Rxb6+ 85. Kxb6 Kg7 86. Kc5 Kf6 87. Nb4 Qc1+ 88. Kd6 Qa3 89. Kc5 Ke5 90. Kc4 Kf4 91. Nd5+ Kg3 92. Kd4 Qa7+ 93. Ke5 Qa6 94. Kd4 Qd6 95.
Ke4 f6 96. Kd4 Kf3 97. Kc4 Qc6+ 98. Kd4 Kg3 99. Nc3 Qd6+ 100. Ke3 Qc5+ 101. Kd3 Kf4 102. Ne4 Qd5+ 103. Kc3 Qxe4 104. Bxe4 Kxe4 105. Kd2 Kf4 106. Ke2 Kxg4 0-1

[Event "*** Titled Tuesday 3|2 Blitz"]
[Site "Chess.com"]
[Date "2016.02.02"]
[Round "9"]
[White "LADIESGET2KNOWME"]
[Black "DaPazz"]
[Result "1-0"]
[WhiteElo "2306"]
[BlackElo "2000"]
[TimeControl "180+2"]
[EndTime "18:45:15 PST"]
[Termination "LADIESGET2KNOWME won by checkmate"]

1. d4 f5 2. Nc3 d5 3. e4 dxe4 4. f3 exf3 5. Nxf3 Nf6 6. Bc4 e6 7. Bg5 Bb4 8. Qe2 Bxc3+ 9. bxc3 O-O 10. O-O Re8 11. Ne5 Kf8 12. g4 h6 13. Bxf6 Qxf6 14.
gxf5 exf5 15. Rae1 Bd7 16. Qh5 Qg5+ 17. Qxg5 hxg5 18.
Ng6# 1-0